[Event "FIDE Zonal 4-2 Open 2023"]
[Site "Dimbroko"]
[Date "2023.03.30"]
[Round "8.8"]
[White "Mambe, Lobognon Anderson Ol"]
[Black "Amako Marc Arnold"]
[Result "0-1"]
[ECO "B33"]
[WhiteElo "1916"]
[BlackElo "1647"]
[Annotator "TA"]
[PlyCount "76"]
[EventDate "2023.03.25"]
[EventType "swiss"]
[EventCountry "IVO"]
[SourceTitle "playchess.com"]
[Source "ChessBase"]
[SourceQuality "1"]
[TimeControl "40/5400+30:1800+30"]

1. e4 c5 2. Nf3 Nc6 3. d4 cxd4 4. Nxd4 Nf6 5. Nc3 e5 6. Nb3 Bb4 7. Bd3 d5 8. exd5 Nxd5 9. Bd2 Bxc3 10. Bxc3 Nxc3 11. bxc3 O-O {[%emt 0:00:22][%cal Oe5e4] B33: Sicilian: Pelikan and Sveshnikov Variations.} 12. O-O {[%emt 0:00:09] [#]} Qh4 $146 ({Predecessor:} 12... Qc7 13. Re1 Ne7 14. Qe2 f6 15. c4 Ng6 16. Bxg6 hxg6 17. h3 Be6 18. c5 Bxb3 19. cxb3 Qxc5 {0-1 Huang,L (1488)-Weiss,D (1759) GER-chT U16 Kiel 2022 (4.7)}) 13. Qf3 f5 {[%emt 0:00:42][%cal Bf7f5,Bf5f4][%mdl 32] The position is equal.} 14. Rab1 Kh8 {[%emt 0:00:52] And now ...e4 would win.} 15. Nc5 (15. Qe2 $15) 15... Qe7 $17 16. Nb3 (16. Qe3 $17) 16... e4 $19 17. Qe2 exd3 18. Qxd3 f4 19. Rfe1 Qg5 20. Nd4 Nxd4 {[%emt 0:00:00][%mdl 64] Remove Defender} 21. cxd4 Bf5 ({Not} 21... f3 $2 22. Qxf3 Qd8 23. Qc3 $19) 22. Qb3 Rac8 23. Rbc1 Rfe8 24. c4 Be4 25. Qh3 (25. f3 $142 Bg6 26. c5) 25... Bf5 $2 (25... f3 $19 26. Re3 Bd5 {[%mdl 64] Pin, Back Rank}) 26. Rxe8+ $4 (26. Qb3 $1 $11 {and White has nothing to worry.} h6 27. Qc3) 26... Rxe8 27. Qf3 Bg4 28. Qxb7 (28. h4 $142 Qxh4 29. Qxf4) 28... f3 29. Rb1 (29. Ra1 $19 fxg2 30. Qb4) 29... Bh5 30. g3 Qg4 31. Kh1 Qh3 (31... h6 $142 32. Qb4 Qxd4) 32. Rg1 h6 {[%emt 0:00:00][%cal Oe8e1] ( -> ...Re1!)} 33. d5 {[%emt 0:01:30] [#]} Re1 $3 {[%emt 0:01:30][%csl Gf3][%cal Rh3g2][%mdl 576] Deflection} 34. Qc8+ Qxc8 35. Rxe1 {[%emt 0:00:00] [#]} Qc6 $4 36. c5 $4 (36. dxc6 {was the only winning move.} Bg4 37. Re8+ Kh7 38. c7 a5 39. c8=Q Bxc8 40. Rxc8 Kg6 41. c5) 36... Qxc5 {[%emt 0:00:00] Black mates.} 37. Rd1 Qc4 38. d6 Bg4 {[%emt 0:00:00] A brilliant game!   Weighted Error Value: White=1.14/Black=0.70} ({And not} 38... Qxa2 39. d7 Qxf2 40. d8=Q+ Kh7 41. Qd3+ Kh8 42. Qd8+ Kh7 43. Qd3+ Bg6 44. Qd2 $17) 0-1

[Event "FIDE Zonal 4-2 Open 2023"]
[Site "Dimbroko"]
[Date "2023.03.30"]
[Round "8.9"]
[White "David Leroy Debblay"]
[Black "Ble, Kouko Hubert"]
[Result "1-0"]
[ECO "B04"]
[WhiteElo "1823"]
[BlackElo "1825"]
[Annotator "NA RC COMBH"]
[PlyCount "87"]
[EventDate "2023.03.25"]
[EventType "swiss"]
[EventCountry "IVO"]
[SourceTitle "playchess.com"]
[Source "ChessBase"]
[SourceQuality "1"]
[TimeControl "40/5400+30:1800+30"]

1. e4 Nf6 2. e5 Nd5 3. c4 Nb6 4. d4 d6 5. Nf3 Bg4 6. exd6 cxd6 7. Be3 g6 8. Nbd2 Bg7 9. Be2 O-O 10. h3 Bd7 11. O-O Nc6 12. Rc1 d5 13. b3 f5 14. c5 Nc8 15. Bf4 Nxd4 16. Nxd4 Bxd4 17. Nf3 Bg7 18. Qxd5+ e6 19. Qxb7 Ne7 20. c6 Qc8 21. Qxd7 Nd5 22. Be5 Rf7 23. Qxc8+ Rxc8 24. Bxg7 Kxg7 25. Ne5 Re7 26. Bf3 Nf6 27. Rfd1 Rcc7 28. b4 h5 29. a4 g5 30. b5 g4 31. hxg4 hxg4 32. Be2 Nd5 33. Bc4 Nf4 34. a5 Kf6 35. Nd7+ Kg5 36. Bf1 Rc8 37. g3 Nd5 38. Bg2 Rh8 39. Rxd5 exd5 40. Bxd5 f4 41. gxf4+ Kxf4 42. b6 g3 43. fxg3+ Kxg3 44. b7 1-0

[Event "FIDE Zonal 4-2 Open 2023"]
[Site "Dimbroko"]
[Date "2023.03.30"]
[Round "8.10"]
[White "Joel O. Ebiekuta"]
[Black "Foday W. Kondoh"]
[Result "1/2-1/2"]
[ECO "C02"]
[WhiteElo "1855"]
[BlackElo "1727"]
[Annotator "NA RC COMBH"]
[PlyCount "134"]
[EventDate "2023.03.25"]
[EventType "swiss"]
[EventCountry "IVO"]
[SourceTitle "playchess.com"]
[Source "ChessBase"]
[SourceQuality "1"]
[TimeControl "40/5400+30:1800+30"]

1. d4 Nc6 2. Nf3 e6 3. e4 d5 4. e5 f5 5. exf6 Nxf6 6. Bd3 Bd6 7. O-O O-O 8. Re1 Qe8 9. c3 Qh5 10. Nbd2 Bd7 11. Nf1 Rae8 12. Ng3 Bxg3 13. fxg3 e5 14. Nxe5 Qxd1 15. Rxd1 Nxe5 16. dxe5 Rxe5 17. Bf4 Re6 18. Bxc7 Bc6 19. Re1 Rfe8 20. Rxe6 Rxe6 21. Bf4 g6 22. h3 Kg7 23. Kf1 Nd7 24. Re1 Kf6 25. Rxe6+ Kxe6 26. Kf2 a6 27. Ke3 Nc5 $16 28. Be2 Na4 29. Kd4 Nxb2 30. Bg4+ Ke7 31. h4 h5 32. Be2 Na4 33. g4 hxg4 34. Bxg4 Nb6 35. h5 gxh5 36. Bxh5 Kf6 37. Bf3 Kf5 38. Bc7 Na4 39. g4+ Kg5 40. Be2 Bb5 41. Bd8+ Kf4 42. Bxb5 axb5 43. g5 Kf5 44. Bf6 Ke6 45. Bd8 Kf5 46. Be7 Ke6 47. Ba3 b6 48. Bc1 Nc5 49. Ba3 Ne4 50. Bc1 Ng3 51. Kd3 Kf5 52. Be3 Ne4 53. Kd4 Ke6 54. Bc1 Nd6 55. Kd3 Kf5 56. Kc2 Nf7 57. Kb3 Ne5 58. Kc2 Ke4 59. Ba3 Kf5 60. Bc1 Ke4 61. Kb3 Kf5 62. Bd2 Nc6 63. a4 bxa4+ 64. Kxa4 d4 65. c4 Ne5 66. Kb5 Nf3 67. Bc1 Nxg5 1/2-1/2

[Event "FIDE Zonal 4-2 Open 2023"]
[Site "Dimbroko"]
[Date "2023.03.30"]
[Round "8.13"]
[White "Koita, Saidou"]
[Black "AKA JUSTIN JEAN-ROBERT KOUMI"]
[Result "1-0"]
[ECO "A01"]
[WhiteElo "1569"]
[BlackElo "1833"]
[Annotator "NA RC COMBH"]
[PlyCount "93"]
[EventDate "2023.03.25"]
[EventType "swiss"]
[EventCountry "IVO"]
[SourceTitle "playchess.com"]
[Source "ChessBase"]
[SourceQuality "1"]
[TimeControl "40/5400+30:1800+30"]

1. e3 e5 2. b3 d5 3. Bb2 Bd6 4. Ne2 Nf6 5. Nbc3 Bd7 6. d4 e4 7. h3 c6 8. Qd2 Qe7 9. g3 Ba3 10. Qc1 Bd6 11. Bg2 Na6 12. Nf4 g5 13. Nfe2 O-O-O 14. a3 h6 15. b4 Nc7 16. Na4 b6 17. Qd2 Kb7 18. Nac3 b5 19. Nc1 Na8 20. Nb3 Nb6 21. O-O-O Nc4 22. Qe1 Ra8 23. Nc5+ Bxc5 24. dxc5 a5 25. Rd4 axb4 26. axb4 Ra7 27. Rxc4 bxc4 28. Kd2 Rb8 29. Ne2 Kc7 30. c3 Ra2 31. Qb1 Rba8 32. Nd4 Be8 33. Nf5 Qf8 34. Kc2 Nd7 35. Qd1 Ne5 36. Qd4 Nd3 37. Rb1 Bd7 (37... Nxf2 38. Qe5+ Kd7 39. Qf6 $17) 38. Nd6 $19 R8a3 39. Bf1 Qe7 40. Bxd3 cxd3+ 41. Kc1 Ra8 42. b5 R2a4 43. b6+ Kd8 44. Qh8+ Be8 45. Qxh6 R4a5 46. c4 Rxc5 47. Bf6 1-0

[Event "FIDE Zonal 4-2 Open 2023"]
[Site "Dimbroko"]
[Date "2023.03.31"]
[Round "9.1"]
[White "Ortega Amarelle, Mariano"]
[Black "James, Tondo"]
[Result "1-0"]
[ECO "E90"]
[WhiteElo "2472"]
[BlackElo "1867"]
[Annotator "TA"]
[PlyCount "89"]
[EventDate "2023.03.25"]
[EventType "swiss"]
[EventCountry "IVO"]
[SourceTitle "playchess.com"]
[Source "ChessBase"]
[SourceQuality "1"]
[TimeControl "40/5400+30:1800+30"]

1. d4 Nf6 2. c4 g6 3. Nc3 Bg7 4. e4 d6 5. Nf3 Bg4 6. Be2 Nc6 {[%emt 0:00:17] E90: King's Indian: Classical: Early deviations and 6 h3.} 7. d5 Nb8 8. O-O Nbd7 {[%emt 0:01:14] White is better.} 9. Be3 {[%emt 0:00:27] [#]} b6 $146 {[%emt 0:00:02] [#]} (9... O-O $16 {is a better defense.}) ({Predecessor:} 9... O-O 10. Nd4 Bxe2 11. Qxe2 Rc8 12. Rfd1 c5 13. Nf3 Ng4 14. Bd2 Nge5 15. Ng5 Nb6 {½-½ Pihlajasalo,A (2438)-Mertanen,J (2390) FIN-chT 1213 2012 (9.3)}) 10. Nd4 $1 $18 Bxe2 11. Qxe2 (11. Ncxe2 $6 O-O $14) 11... O-O (11... Nh5 $16 {was worth a try.} 12. e5 (12. Nc6 Qc8 $16) 12... dxe5) 12. Nc6 Qe8 {[%emt 0:00:35] [#]} 13. Nb5 $1 Rc8 14. Nbxa7 Ra8 (14... Nb8 {keeps fighting.} 15. Nxc8 Nxc6 16. dxc6 Qxc8) 15. Nb5 Rc8 16. Nca7 Nxe4 17. Nxc8 Qxc8 18. Bd4 Nef6 19. Rfe1 (19. Qxe7 Re8 20. Bxf6 (20. Na7 $2 Qa8 $19) 20... Bxf6 21. Nxd6 cxd6 22. Qxd6 Bxb2 $15) 19... c5 20. dxc6 Qxc6 21. Qxe7 Qxc4 22. Qe2 ({Stronger than} 22. Nxd6 Qxd4 23. b3 Qb2 $17) 22... Qd5 23. Bxf6 Nxf6 24. Red1 Qg5 25. Nxd6 ({Much less strong is} 25. Rxd6 Re8 26. Qd3 Bf8 $18) 25... Nh5 26. Ne4 Qe5 27. Ng3 Qxe2 28. Nxe2 Bxb2 29. Rab1 Ba3 30. Rxb6 Re8 31. Kf1 Kg7 32. Rd3 Bc5 33. Rb5 {[%emt 0:00:08] White is clearly winning.} Bf8 34. a4 Re4 35. Rd4 Re7 36. a5 Ra7 37. Ra4 Bd6 38. a6 Nf6 39. Nd4 Ne8 40. Nc6 Ra8 41. a7 Nc7 42. Rb8 {[%emt 0:00:15] Ra5 is the strong threat.} Kf6 43. Rxa8 Nxa8 44. Re4 {[%emt 0:00:48] Strongly threatening Re8.} h5 45. Re8 {[%emt 0:00:00] Black did not feel at home in the position after the opening.   Weighted Error Value: White=0.07 (flawless) /Black=0.32} 1-0

[Event "FIDE Zonal 4-2 Open 2023"]
[Site "Dimbroko"]
[Date "2023.03.31"]
[Round "9.2"]
[White "Amako Marc Arnold"]
[Black "Abdulraheem Abdulrahman Akinto"]
[Result "1/2-1/2"]
[ECO "A22"]
[WhiteElo "1647"]
[BlackElo "2302"]
[Annotator "TA"]
[PlyCount "209"]
[EventDate "2023.03.25"]
[EventType "swiss"]
[EventCountry "IVO"]
[SourceTitle "playchess.com"]
[Source "ChessBase"]
[SourceQuality "1"]
[TimeControl "40/5400+30:1800+30"]

1. c4 Nf6 2. Nc3 e5 3. Nf3 e4 4. Ng5 b5 5. Ngxe4 Nxe4 6. Nxe4 {[%emt 0:00:09] A22: English Opening: 1...e5 2 Nc3 Nf6.} bxc4 7. d4 d5 8. Nc3 Be7 (8... c6 $11 {remains equal.}) 9. g3 (9. e4 $16) 9... O-O 10. Bg2 c6 11. O-O {[%emt 0:00:08] [#]} Be6 $146 ({Predecessor:} 11... Bf5 12. b3 cxb3 13. axb3 a5 14. Na4 Nd7 15. Ba3 Bxa3 16. Rxa3 Qe7 17. Ra2 Rab8 {1-0 Saveliev,A (2390)-Kohler,A (2121) Titled Tuesday intern op 28th Jun Late blitz 2022 (1)}) 12. e4 Qd7 (12... Na6 $11) 13. Be3 Rd8 14. b3 dxe4 15. Bxe4 cxb3 16. axb3 Qb7 17. Rb1 (17. Qh5 $14 g6 18. Qa5) 17... Na6 $11 18. Qf3 Nb4 19. Rfc1 Rac8 20. Rd1 Qd7 21. Qh5 h6 22. Qa5 Qb7 (22... Rb8 $15) 23. Qh5 Bf8 24. Na4 (24. Bf5 $11 {feels stronger.}) 24... Qd7 {[%emt 0:13:27] ...Bg4 is the strong threat.} (24... Nd5 $5 25. Qe2 Re8 $15) 25. Qa5 ({Much weaker is} 25. Nc5 Bg4 26. Qh4 (26. Nxd7 Bxh5 27. Nxf8 Bxd1 $17) 26... Bxc5 $17) (25. Qe2 $11) 25... Bd5 26. Bxd5 Nxd5 27. Bd2 Qh3 28. Qa6 $1 Nf6 {[%emt 0:02:16] aiming for ...Ng4.} 29. Qf1 $1 Qxf1+ 30. Kxf1 Rxd4 31. Be3 Rxd1+ 32. Rxd1 a5 33. Bc5 Rb8 34. Bxf8 Kxf8 $17 {[%emt 0:00:11][%mdl 4096] Endgame KRN-KRN} 35. Rd6 Rxb3 36. Rxc6 Ne4 37. Rc8+ Ke7 38. Rc7+ {[%emt 0:00:15] [#]} (38. Ra8 $142) 38... Ke6 (38... Kd6 $142 $1 39. Ra7 Nd2+ 40. Ke1 Nc4 41. Ra6+ Kc7) 39. Nc5+ $2 (39. Ra7 $17) 39... Nxc5 $19 40. Rxc5 {[%emt 0:00:07] KR-KR} a4 41. Ra5 a3 42. Ke2 Kd6 43. h4 $2 (43. f4) 43... Kc6 44. Kd2 Kb6 45. Ra8 Kc5 46. Ra7 Rb2+ $2 ({Black should try} 46... g5 $19 {Hoping for ...Rf3.} 47. hxg5 hxg5 48. Rxf7 a2) 47. Kc1 $1 $15 Rxf2 48. Rxa3 Kd5 49. Kd1 $1 Ke4 {[%emt 0:02:45] White must now prevent ...Rf3.} 50. Ke1 $1 Rf3 51. Ra7 {[%emt 0:00:34] [#]} (51. Ra4+ $15 Ke5 52. Rg4) 51... Rf6 $2 ({Stronger than} 51... Rxg3 52. Rxf7 Rg4 53. h5 $17) (51... g5 $1 $19 {[%cal Rg5g4] And now ...g4 would win.} 52. Re7+ Kd5) 52. Ke2 Rf5 (52... Kf5 $15 53. Ra4 h5) 53. Ra4+ $11 Ke5 54. Ra5+ Ke6 55. Ra6+ Kd7 56. Ke3 h5 57. Ra4 ({Better is} 57. Ra7+ $11 Kc6 58. Ra4) 57... g6 $15 58. Ra6 Ke7 59. Ke4 Rf1 60. Ke3 Kf8 61. Ke2 Rf5 62. Ke3 Kg7 63. Ke4 Rf1 64. Ra7 Rf6 65. Ke3 Kh6 66. Ke4 Re6+ 67. Kf3 f6 68. Rb7 Ra6 69. Rc7 Ra3+ 70. Kf2 g5 71. hxg5+ Kxg5 72. Rg7+ Kf5 73. Rh7 $1 Kg6 74. Rh8 Rb3 75. Kg2 Rc3 76. Kf2 Rc7 77. Kf3 Rh7 78. Ra8 {[%emt 0:00:00] The position is equal.} h4 79. gxh4 Rxh4 80. Ra6 Kg5 81. Ra8 Rh3+ 82. Kg2 Rb3 83. Ra4 f5 84. Kf2 Rc3 85. Rb4 $1 Rh3 86. Kg2 Re3 87. Kf2 Ra3 88. Rc4 Kf6 89. Rb4 Ke5 90. Rb5+ Kf4 91. Rb4+ Kg5 92. Rc4 Ra2+ 93. Kf3 Ra3+ 94. Kf2 Rh3 95. Kg2 Rh6 96. Kf3 Rh1 97. Kg2 Re1 98. Kf3 Rf1+ 99. Kg3 f4+ 100. Kg2 Ra1 101. Rc8 Ra2+ 102. Kf3 Ra3+ 103. Kf2 Kf6 104. Rf8+ Ke5 105. Re8+ {[%emt 0:00:07] And White is the lucky defender.   Weighted Error Value: White=0.31/Black=0.27 (precise)} 1/2-1/2

[Event "FIDE Zonal 4-2 Open 2023"]
[Site "Dimbroko"]
[Date "2023.03.31"]
[Round "9.3"]
[White "Cogan, Nicolas"]
[Black "Nean, Franck Anderson"]
[Result "1-0"]
[WhiteElo "2013"]
[BlackElo "1851"]
[Annotator "TA"]
[PlyCount "17"]
[EventDate "2023.03.25"]
[EventType "swiss"]
[EventCountry "IVO"]
[SourceTitle "playchess.com"]
[Source "ChessBase"]
[SourceQuality "1"]
[TimeControl "40/5400+30:1800+30"]

1. d4 e5 2. dxe5 d6 3. Bf4 Nc6 4. Nf3 Bg4 5. c3 Bxf3 $1 {[%emt 0:07:50][%mdl 64] Remove Defender} 6. exf3 {[%emt 0:00:15] Threatens to win with Qb3. A40: Unusual replies to 1 d4.} dxe5 {[%emt 0:00:26] [#]} 7. Qd4 $146 ({Predecessor:} 7. Qxd8+ Rxd8 8. Be3 Nge7 9. Bc5 Nd5 {½-½ Filen,H-Tauriainen,M (2177) FIN Team Cup 2011 (1.1)}) 7... Qd6 $2 (7... Nxd4 $19 8. cxd4 Qxd4) 8. Qxd6 $11 Rd8 $2 {[%mdl 8192] [#]} (8... cxd6 $11 9. Be3 d5) 9. Qxd8+ $3 {[%emt 0:00:00] Weighted Error Value: White=3.27/Black=2.20} 1-0

[Event "FIDE Zonal 4-2 Open 2023"]
[Site "Dimbroko"]
[Date "2023.03.31"]
[Round "9.4"]
[White "Kennedy Zinnah Kengo"]
[Black "Daniel Kolliemelen"]
[Result "0-1"]
[ECO "B50"]
[WhiteElo "1785"]
[BlackElo "1805"]
[Annotator "NA RC COMBH"]
[PlyCount "114"]
[EventDate "2023.03.25"]
[EventType "swiss"]
[EventCountry "IVO"]
[SourceTitle "playchess.com"]
[Source "ChessBase"]
[SourceQuality "1"]
[TimeControl "40/5400+30:1800+30"]

1. e4 e5 2. Nf3 d6 3. Bc4 c5 4. O-O h6 5. Re1 Nf6 6. Bd5 (6. c3 $16) 6... Nxd5 7. exd5 Be7 8. c4 (8. b4 $11) 8... O-O 9. Nc3 Bg4 10. Qb3 Bxf3 11. gxf3 b6 12. Ne4 f5 13. Ng3 g5 14. d3 (14. Qc2 $15) 14... Qe8 15. Bd2 Qg6 16. Re2 h5 17. Bc3 h4 18. Nf1 f4 19. Bxe5 $2 dxe5 $2 (19... g4 20. fxg4 Qxg4+ 21. Ng3 fxg3) 20. Rxe5 Bf6 21. Re6 Na6 (21... g4 $142 22. Kh1 g3 23. fxg3 hxg3 24. hxg3 Qh6+ 25. Kg2 Nd7) 22. Rae1 Rfe8 $2 (22... g4 23. Kh1 gxf3) 23. Qb5 $2 (23. h3 $17) 23... Rxe6 24. Rxe6 Nb4 25. Qd7 $2 (25. h3 Nc2 26. Qd7) 25... Qf7 26. Qxf7+ Kxf7 27. a3 Nxd3 28. Nd2 Re8 29. Rxe8 Kxe8 30. b3 a5 31. Ne4 Be7 32. d6 Bd8 33. Kf1 Kd7 34. Ke2 Nc1+ 35. Kd2 Nxb3+ 36. Kd3 Nd4 37. Nd2 Ke6 38. Ke4 Nf5 39. d7 Nd6+ 40. Kd3 Kxd7 41. Kc3 a4 42. Kd3 Ke6 43. Nb1 Ke5 44. Nc3 Nf5 45. Ne4 h3 46. Nd2 Nd4 47. Kc3 Bc7 48. Kd3 Kf5 49. Kc3 Bb8 50. Kd3 Be5 51. Nf1 Nxf3 52. Ke2 Ke4 53. Nd2+ Nxd2 54. Kxd2 g4 55. Ke2 Kd4 56. f3 g3 57. hxg3 h2 0-1

[Event "FIDE Zonal 4-2 Open 2023"]
[Site "Dimbroko"]
[Date "2023.03.31"]
[Round "9.5"]
[White "Manan, Yoboue Hermann"]
[Black "Thomas, Saah"]
[Result "1-0"]
[ECO "B30"]
[WhiteElo "2015"]
[BlackElo "1916"]
[Annotator "TA"]
[PlyCount "141"]
[EventDate "2023.03.25"]
[EventType "swiss"]
[EventCountry "IVO"]
[SourceTitle "playchess.com"]
[Source "ChessBase"]
[SourceQuality "1"]
[TimeControl "40/5400+30:1800+30"]

1. e4 c5 2. Nf3 Nc6 3. Bb5 Nd4 4. Nxd4 cxd4 5. O-O a6 6. Ba4 {[%emt 0:00:18] B30: Sicilian: 2...Nc6 3 Bb5, lines without ...g6.} g6 7. d3 Bg7 8. Nd2 {[%emt 0:02:08] White is slightly better.} b5 9. Bb3 Bb7 {[%emt 0:00:09] [#]} 10. Qg4 $146 {[%emt 0:00:54][%mdl 128] White mounts an attack.} ({Predecessor:} 10. f4 e6 11. Nf3 d5 12. e5 Qb6 13. Bd2 Ne7 14. Qe2 a5 15. a4 b4 16. Qf2 {0-1 Becker Bertau,F (1911)-Stuhlmann,A (1839) Hamburg-ch MB 2014 (4)}) 10... Nf6 11. Qh4 e5 12. f4 d6 (12... d5 $16) 13. fxe5 $18 dxe5 14. Nf3 Nd7 15. Qxd8+ Kxd8 16. Ng5 ({Don't take} 16. Bxf7 $6 Kc7 17. a4 Kb6 $18) 16... f6 17. Ne6+ Ke7 18. Nxg7 Nc5 19. Bd5 (19. Bh6 $18) 19... Bxd5 $16 20. exd5 Rhg8 (20... Rad8 $142 21. Bh6 Rxd5) 21. Ne6 Nxe6 22. dxe6 Kxe6 23. Bd2 Rac8 24. Rac1 Rgd8 25. Ba5 Rd5 26. Rf2 f5 27. Re1 Rb8 28. a3 g5 29. Ref1 f4 30. g3 Rg8 31. gxf4 gxf4+ 32. Rg2 Rg6 33. Kf2 Rc5 34. c3 {[%emt 0:03:29] Threatens to win with Rxg6+.} Rd5 35. Rxg6+ hxg6 $18 {[%emt 0:00:01][%mdl 4096] Endgame KRB-KR} 36. Ke2 g5 37. h3 Kf5 38. cxd4 Rxd4 39. Bc3 Rd5 40. Rh1 Rd7 41. Re1 Rh7 42. Kf2 Rxh3 43. Rxe5+ Kg4 44. Rd5 (44. d4 Rh2+ 45. Kg1) 44... Rh2+ 45. Kg1 Rh6 {[%emt 0:06:02] This move loses the game for Black.} (45... Rc2 $16 {might work better.} 46. Bd4 Rc1+ 47. Kf2 Rc2+ 48. Ke1 f3) 46. Bb4 Re6 {[%emt 0:00:28] [#]} 47. Kf2 {[%emt 0:01:39] Prevents Re2+.} (47. d4 $1 $18) 47... Re3 (47... Rh6 $16 {was called for.}) 48. Bc5 Rf3+ 49. Ke2 {[%emt 0:00:21][%cal Od5g5] Rxg5+! would kill now.} Rh3 50. Bf2 {[%emt 0:02:39] Re5 would be deadly.} Rh1 51. Rc5 {[%emt 0:00:51] And now d4 would win.} Rb1 52. Rc2 Rh1 (52... Kf5 {is a better defense.} 53. Bd4 Kg4) 53. d4 Rh8 54. d5 Rd8 (54... Kf5 55. d6 Ke6) 55. Rd2 Re8+ 56. Kd3 Kf3 (56... Kf5 $142 57. d6 Rd8) 57. Bb6 {[%emt 0:00:59] [#] Black must now prevent d6.} Re7 58. Kd4 g4 59. d6 Rf7 60. Ke5 {[%emt 0:00:00] Threatening mate with d7.} g3 61. d7 {[%emt 0:00:00] White mates.} Re7+ 62. Kd6 Rxd7+ 63. Kxd7 Ke4 64. Kc7 a5 65. Kc6 b4 66. axb4 axb4 67. Kb5 f3 68. Kxb4 Kf4 69. Kc4 Kg4 70. Bd4 g2 71. Bg1 {[%emt 0:00:00] Weighted Error Value: White=0.27 (precise) /Black=0.50} 1-0

[Event "FIDE Zonal 4-2 Open 2023"]
[Site "Dimbroko"]
[Date "2023.03.31"]
[Round "9.6"]
[White "Egbe, Kossi Thierry"]
[Black "Barcon, Harmon"]
[Result "1/2-1/2"]
[ECO "C41"]
[WhiteElo "1740"]
[BlackElo "1928"]
[Annotator "TA"]
[PlyCount "109"]
[EventDate "2023.03.25"]
[EventType "swiss"]
[EventCountry "IVO"]
[SourceTitle "playchess.com"]
[Source "ChessBase"]
[SourceQuality "1"]
[TimeControl "40/5400+30:1800+30"]

1. e4 e5 2. Nf3 d6 3. Bc4 Be7 4. c3 Nf6 5. Qe2 Bg4 6. d4 {[%emt 0:01:46] [#] C41: Philidor Defence.} exd4 $146 ({Predecessor:} 6... O-O 7. O-O Nbd7 8. Bg5 c6 9. a4 d5 10. Bd3 exd4 11. e5 Bxf3 12. gxf3 Nh5 {0-1 Krynicki,H (2076)-Jelen,J (2043) POL-chT blind Gp-B 2011 (1.1)}) 7. cxd4 O-O 8. Nc3 Nc6 9. Be3 (9. Qe3 $1 $11) 9... a6 (9... Nxe4 $1 $17 10. Nxe4 d5) 10. a4 {[%emt 0:01:23] [#]} (10. h3 $14 {stays ahead.} Bh5 11. Bd3) 10... Re8 (10... Nxe4 $1 $17 {...Ng5 would be deadly.} 11. O-O (11. Nxe4 d5 $17) 11... Bf5) 11. h3 $11 Bh5 12. g4 Bg6 13. Nd2 (13. e5 $1 $11 {remains equal.} Ne4 14. O-O) 13... Nb4 {[%emt 0:00:44] aiming for ...Nc2+.} 14. Rc1 {[%emt 0:04:04] Prevents Nc2+.} d5 15. Bxd5 (15. exd5 $142 Nfxd5 16. O-O) 15... Nfxd5 $17 16. Nxd5 Nxd5 17. exd5 Qxd5 18. O-O Qd7 19. Qf3 c6 (19... Qxa4 20. Rxc7 Rab8 21. Rxb7 $11) 20. Nc4 Qe6 21. Ne5 {[%emt 0:00:47] Prevents Bd3} Bd6 22. Nxg6 fxg6 (22... Qxg6 23. d5 $11) 23. Rfd1 Rf8 (23... Rad8 $1 $15) 24. Qg2 (24. d5 $1 $11 Qe7 25. Qg2) 24... Rad8 $15 25. Rd3 {[%emt 0:02:59] Wards off Qb3} Bb8 26. Rcd1 Rd5 27. b3 h5 28. b4 Bd6 29. Rb1 Qe7 (29... Kh7 $17) 30. b5 $1 $11 {[%emt 0:03:05][%mdl 64] Decoy} axb5 31. axb5 Rxb5 32. Rxb5 cxb5 33. Qd5+ Kh7 34. gxh5 (34. Qxb5 hxg4 35. Qg5 Qxg5 36. Bxg5 Rf3 $17) 34... Rf5 35. hxg6+ Kxg6 36. Qg2+ Kh7 37. Qg4 Qf7 38. Rc3 b4 39. Rd3 (39. Rc8 b3 40. Rc1 Kg8 $17) 39... Rf6 ({Black should try} 39... Bf8 $17) 40. d5 $2 {[%emt 0:02:44] [#]} (40. Qe4+ $15 Rf5 41. Kf1) 40... Rg6 $1 $19 (40... Qg6 41. Rd1 $15) 41. Bg5 b3 $1 42. Qh5+ $2 ({But not} 42. Rxb3 Qxd5 43. h4 (43. Qh5+ $2 Rh6 $19 {[%mdl 64] Pin}) 43... Qxb3 $19) (42. h4 Bc5 43. Rd2) 42... Kg8 {[%emt 0:00:40] Threatens to win with ...Qf5.} 43. Rxb3 Bf4 $2 (43... Bc5 44. Re3 (44. Rb2 $2 Qf6 $19) 44... Bxe3 45. fxe3 Qf5) 44. Rxb7 $2 (44. Kf1 $19 Rxg5 45. Qxf7+ Kxf7 46. Rxb7+ Kf6 47. Rb6+ Ke5 48. Rb4) 44... Rxg5+ 45. Qxg5 Bxg5 46. Rxf7 Kxf7 {[%emt 0:00:02] KB-K3P} 47. Kg2 Ke7 $2 (47... Kg6 {mates} 48. d6 Kf5 49. Kf3 Bf6 50. d7 Bh4 51. Ke3 Ke6 52. Kf4 Kxd7 53. f3 Bd8 54. Kg4 Ke7 55. h4 Kf7 56. Kh5 Bf6 57. f4 Kg8 58. Kg4 Kh7 59. Kh5 Bd8 60. Kg4 Kh6 61. Kh3 Kh5 62. Kg2 Bxh4 63. Kf3 g6 64. Ke4 Kg4 65. Ke3 Bg3 66. Ke2 Kxf4 67. Kd2 g5 68. Kc2 g4 69. Kd3 Bh4 70. Kd4 g3 71. Kd5 g2 72. Kd6 g1=Q 73. Kc7 Qc5+ 74. Kb7 Qd6 75. Ka7 Qc6 76. Kb8 Qd7 77. Ka8 Qc8+ 78. Ka7 Bf2#) 48. Kg3 $1 $11 {[%emt 0:00:20] The position is equal.} Kd6 49. Kg4 Bh6 50. Kf5 Kxd5 {[%emt 0:00:35] ( -> ...Kd4)} 51. f4 Kd6 (51... Kd4 $5 52. Kg6 $8 Ke3 $11) 52. Kg6 Ke6 53. f5+ Ke5 54. h4 $1 (54. f6 {is a self mate.} gxf6 55. Kxh6 f5 56. Kh5 f4 57. Kg4 Ke4 58. h4 f3 59. Kh3 Ke3 60. Kg4 f2 61. Kf5 f1=Q+ 62. Ke6 Qh3+ 63. Kf6 Qxh4+ 64. Ke6 Kd4 65. Kf5 Kd5 66. Kg6 Ke6 67. Kg7 Qg5+ 68. Kf8 Qg4 69. Ke8 Qg8#) 54... Be3 55. h5 {[%emt 0:14:17] Whites escaped into a draw. An exciting game.   Weighted Error Value: White=0.51/Black=0.33} 1/2-1/2